 Dungeon Sprint DCSS version 0.27-a0-1456-gf5a116941d (webtiles) character file.

Game seed: 14527796265976885585

57966 mhtbhm the Warrior (level 15, -5/114 HPs)
             Began as a Kobold Berserker on July 5, 2021.
             Was the Champion of Trog.
             Slain by a cyan very ugly thing (10 damage)
             ... in the Dungeon (Sprint IX: "|||||||||||||||||||||||||||||").
             The game lasted 00:09:13 (6057 turns).

mhtbhm the Warrior (Kobold Berserker)               Turns: 6057, Time: 00:09:13

Health: -5/114     AC: 25    Str: 26    XL:     15   Next: 28%
Magic:  15/15      EV: 19    Int:  9    God:    Trog [******]
Gold:   169        SH: 16    Dex: 11    Spells: 14/14 levels left

rFire    . . .     SeeInvis .   w - +6 morningstar "Elierin" {vorpal, Will+ Str+2 Dex-4}
rCold    . . .     Faith    .   v - +2 kite shield {reflect}
rNeg     . . .     Spirit   .   b - +4 ring mail of Servitude {Str+4}
rPois    .         Reflect  +   y - +1 helmet
rElec    .         Harm     .   l - +2 cloak {Stlth+}
rCorr    .         Rampage  .   J - +1 pair of gloves
Will     ++...     NoTele   +   x - +0 pair of boots
Stlth    ++++......             C - amulet of regeneration
HPRegen  1.29/turn              m - +2 ring of protection
MPRegen  0.14/turn              n - +2 ring of protection

@: on berserk cooldown, slowed, very slow
A: small, no large weapons, nightstalker 3
a: Renounce Religion, Berserk, Trog's Hand, Brothers in Arms


You were in the Dungeon.
You worshipped Trog.
Trog was exalted by your worship.
You visited 1 branch You collected 1966 gold pieces.
You spent 1797 gold pieces at shops.

Inventory:

Hand Weapons
 a - a +2 rapier of draining
 k - the +2 morningstar "Giymugiq" {flame, rPois rCorr Str+4}
   (You found it in the Dungeon)

   It has been specially enchanted to burn those struck by it, causing extra
   injury to most foes and up to half again as much damage against particularly
   susceptible opponents.
   Str:       It affects your strength (+4).
   rPois:     It protects you from poison.
   rCorr:     It protects you from acid and corrosion.
 w - the +6 morningstar "Elierin" (weapon) {vorpal, Will+ Str+2 Dex-4}
   (Trog gifted it to you in the Dungeon)

   It inflicts extra damage upon your enemies.
   Str:       It affects your strength (+2).
   Dex:       It affects your dexterity (-4).
   Will:      It increases your willpower.
 I - the +8 demon blade "Leech" {vamp, *Rage +Rage rN+}
   (You found it in the Dungeon)

   It inflicts no extra harm, but heals its wielder when it wounds a living foe.
   rN:        It protects you from negative energy.
   +Rage:     It lets you go berserk.
   *Rage:     It may make you go berserk in combat.
Armour
 b - the +4 ring mail of Servitude (worn) {Str+4}
   (You bought it in a shop in the Dungeon)

   Str:       It affects your strength (+4).
 l - a +2 cloak of stealth (worn)
 v - a +2 kite shield of reflection (worn)
 x - a +0 pair of boots (worn)
 y - a +1 helmet (worn)
 J - a +1 pair of gloves (worn)
Jewellery
 m - a +2 ring of protection (left hand)
 n - a +2 ring of protection (right hand)
 C - an amulet of regeneration (around neck)
 G - a ring of protection from fire
 H - a ring of willpower
Wands
 j - a wand of acid (2)
Scrolls
 h - 3 scrolls of blinking
 q - 2 scrolls of fear
 r - 2 scrolls of fog
 s - 7 scrolls of enchant weapon
 t - 3 scrolls of identify
 u - 2 scrolls of enchant armour
 A - 3 scrolls of immolation
 B - a scroll of summoning
 D - a scroll of holy word
Potions
 c - 7 potions of curing
 d - 5 potions of heal wounds
 e - 2 potions of haste
 f - 4 potions of magic
 g - a potion of berserk rage
 i - a potion of invisibility
 o - a potion of might
 p - 2 potions of mutation


   Skills:
 + Level 20.8 Fighting
 + Level 15.1 Short Blades
 + Level 19.0 Maces & Flails
 + Level 11.6 Armour
 + Level 17.4 Dodging
 - Level 6.6 Stealth
 + Level 14.2 Shields
 + Level 4.5 Evocations


You had 14 spell levels left.
You didn't know any spells.
Your spell library was empty.

Dungeon Overview and Level Annotations

Branches:
Dungeon (1/1)

Altars:
Cheibriados
Dithmenos
Elyvilon
Fedhas
Gozag
Hepliaklqana
Kikubaaqudgha
Makhleb
Nemelex Xobeh
Okawaru
Qazlal
Ru
Sif Muna
Trog
Uskayaw
Vehumet
Wu Jian
Xom
Yredelemnul
Zin
The Shining One
Beogh
Jiyva
Lugonu

Shops:
D ?=**


Innate Abilities, Weirdness & Mutations

You are small and have problems with some larger weapons.
You are completely attuned to the shadows.


Message History

You perforate the deep troll earth mage like a sieve!!!
You kill the deep troll earth mage!
Trog accepts your kill.
Trog appreciates your killing of a magic user.
Your Maces & Flails skill increases to level 19!
An ice dragon comes into view.
The ice dragon roars deafeningly!
The cyan very ugly thing tentacle-slaps you!
The cyan very ugly thing shocks you!!
Things that are here:
a +2 battleaxe of freezing; a deep troll corpse; an iron dragon corpse Unknown command.
You barely miss the cyan very ugly thing.
You block the cyan very ugly thing's attack.
Unknown command.
You hit the cyan very ugly thing.
The cyan very ugly thing is lightly wounded.
Unknown command.
You bludgeon the cyan very ugly thing!!
The cyan very ugly thing is moderately wounded.
You are no longer berserk.
You are exhausted.
You feel yourself slow down.
You block the cyan very ugly thing's attack.
Unknown command.
You bludgeon the cyan very ugly thing!!
The cyan very ugly thing is heavily wounded.
You block the cyan very ugly thing's attack.
Unknown command.
You completely miss the cyan very ugly thing.
The cyan very ugly thing is heavily wounded.
The cyan very ugly thing tentacle-slaps you!
* * * LOW HITPOINT WARNING * * *
The cyan very ugly thing shocks you!!
* * * LOW HITPOINT WARNING * * *
Unknown command.
You hit the cyan very ugly thing but do no damage.
The cyan very ugly thing is heavily wounded.
The cyan very ugly thing tentacle-slaps you!
You die...

▓)▓.▓)▓.▓)▓.▓)▓.▓.
▓.▓.▓.▓.▓.▓.▓)▓.▓.
▓.▓.▓.▓.▓)▓.▓.▓.▓.
▓.▓.▓.▓.▓)▓.▓.▓.▓)
▓.▓.▓.▓.▓)▓.▓)▓.▓†
▓.▓.▓.▓.▓.▓.▓.▓.▓.
▓.▓.▓.▓.▓[▓.▓.▓.▓.
▓)▓.▓)▓.▓[▓.▓.▓.▓.
▓@▓.▓÷▓.▓[▓.▓)▓.▓.
▓u▓.▓)▓.▓[▓.▓)▓.▓.
▓D▓.▓.▓.▓[▓.▓)▓.▓.
▓G▓.▓)▓.▓[▓.▓)▓.▓.
▓D▓.▓)▓.▓[▓.▓)▓.▓)
▓.▓.▓.▓[▓.▓.▓.▓÷
▓.▓)▓.▓.▓.▓.▓.▓.
▓.▓.▓.▓.▓.▓.▓.▓.
▓.▓)▓.▓.▓.▓)▓.▓.


You could see a cyan very ugly thing, a fire dragon, an ice dragon and a great
orb of eyes.

Vanquished Creatures
  Saint Roka (D)
  Donald (D)
  An iron dragon (D)
  A frost giant (D)
  An emperor scorpion (D)
  A very ugly thing (D)
  A vampire knight (D)
  3 stone giants (D)
  An entropy weaver (D)
  An eleionoma (D)
  An ettin (D)
  Josephine (D)
  An ice dragon (D)
  A fire dragon (D)
  A rakshasa (D)
  A great orb of eyes (D)
  A merfolk avatar (D)
  4 hydras (D)
  Erica (D)
  2 anacondas (D)
  An alligator (D)
  3 centaur warriors (D)
  A two-headed ogre (D)
  3 deep troll earth magi (D)
  A deep troll shaman (D)
  2 tengu warriors (D)
  A naga sharpshooter (D)
  A spriggan berserker (D)
  8 orc high priests (D)
  A goliath frog (D)
  A sea snake (D)
  A bog body (D)
  5 orc knights (D)
  A wolf spider (D)
  A will-o-the-wisp (D)
  A harpy (D)
  A deep elf pyromancer (D)
  3 orc sorcerers (D)
  A cyclops (D)
  A moth of wrath (D)
  3 naga magi (D)
  An elephant (D)
  4 black mambas (D)
  2 water nymphs (D)
  2 cane toads (D)
  A torpor snail (D)
  A kobold demonologist (D)
  2 efreet (D)
  A demonic crawler (D)
  A komodo dragon (D)
  3 trolls (D)
  A merfolk (D)
  A blink frog (D)
  A blink frog (shapeshifter) (D)
  A slime creature (D)
  A snapping turtle (D)
  A shadow (D)
  A yak (D)
  A wyvern (D)
  A redback (D)
  A tarantella (D)
  4 wraiths (D)
  3 wargs (D)
  2 hell hounds (D)
  4 water moccasins (D)
  7 orc warriors (D)
  4 wolves (D)
  An ogre (D)
  A gnoll sergeant (D)
  4 bullfrogs (D)
  5 orc priests (D)
  An iguana (D)
  An orc wizard (D)
  An adder (D)
  An ufetubus (D)
  An adder zombie (D)
  7 orcs (D)
  A giant cockroach (D)
  2 goblins (D)
  A hobgoblin (D)
  A frilled lizard (D)
  A giant cockroach zombie (D)
148 creatures vanquished.

Vanquished Creatures (collateral kills)
  A boulder beetle (D)
  2 orc high priests (D)
  A deep troll earth mage (D)
  A spriggan druid (D)
  An orc knight (D)
  An orb spider (shapeshifter) (D)
  A tyrant leech (D)
  2 hornets (D)
  A spriggan (D)
  A tarantella (D)
  A vampire mosquito (D)
  An orc warrior (D)
  An orc priest (D)
  2 orcs (D)
17 creatures vanquished.

Vanquished Creatures (others)
  A foxfire (D)
1 creature vanquished.

Grand Total: 166 creatures vanquished

Notes
Turn   | Place    | Note
-------+----------+-------------------------------------------
     0 | D        | mhtbhm the Kobold Berserker began the quest for the Orb.
     0 | D        | Reached XP level 1. HP: 14/14 MP: 1/1
    20 | D        | Reached ** piety under Trog
    21 | D        | Reached skill level 4 in Fighting
    24 | D        | Reached XP level 2. HP: 10/20 MP: 2/2
   237 | D        | Reached skill level 5 in Short Blades
   237 | D        | Reached *** piety under Trog
   238 | D        | Reached skill level 5 in Fighting
   238 | D        | Reached skill level 1 in Stealth
   238 | D        | Reached XP level 3. HP: 26/26 MP: 3/3
   240 | D        | Noticed an ogre
   246 | D        | Reached XP level 4. HP: 32/32 MP: 4/4
   249 | D        | Killed an ogre
   250 | D        | Reached skill level 7 in Fighting
   250 | D        | Reached XP level 5. HP: 14/38 MP: 5/5
   396 | D        | Found a snail-covered altar of Cheibriados.
   396 | D        | Found a shadowy altar of Dithmenos.
   397 | D        | Found a white marble altar of Elyvilon.
   398 | D        | Found a blossoming altar of Fedhas.
   399 | D        | Found an opulent altar of Gozag.
   400 | D        | Found a hazy altar of Hepliaklqana.
   401 | D        | Found a viscous altar of Jiyva.
   402 | D        | Found an ancient bone altar of Kikubaaqudgha.
   403 | D        | Found a corrupted altar of Lugonu.
   404 | D        | Found a burning altar of Makhleb.
   405 | D        | Found a sparkling altar of Nemelex Xobeh.
   406 | D        | Found an iron altar of Okawaru.
   407 | D        | Found a stormy altar of Qazlal.
   408 | D        | Found a sacrificial altar of Ru.
   409 | D        | Found a shimmering blue altar of Sif Muna.
   410 | D        | Found a bloodstained altar of Trog.
   411 | D        | Found a hide-covered altar of Uskayaw.
   412 | D        | Found a radiant altar of Vehumet.
   413 | D        | Found an ornate altar of the Wu Jian Council.
   414 | D        | Found a shimmering altar of Xom.
   415 | D        | Found a basalt altar of Yredelemnul.
   416 | D        | Found a glowing silver altar of Zin.
   417 | D        | Found a glowing golden altar of the Shining One.
   433 | D        | Got the +2 morningstar "Giymugiq" {flame, rPois rCorr
                  | Str+4}
   474 | D        | Noticed a troll
   477 | D        | Reached **** piety under Trog
   479 | D        | Noticed a two-headed ogre
   482 | D        | Killed a troll
   483 | D        | Reached skill level 9 in Fighting
   483 | D        | Reached XP level 6. HP: 46/46 MP: 6/6
   483 | D        | Reached XP level 7. HP: 51/51 MP: 7/7
   487 | D        | Noticed a shadow
   488 | D        | Killed a two-headed ogre
   489 | D        | Reached skill level 11 in Fighting
   489 | D        | Reached skill level 5 in Maces & Flails
   489 | D        | Reached XP level 8. HP: 60/60 MP: 8/8
   498 | D        | Reached ***** piety under Trog
   499 | D        | Killed a shadow
   683 | D        | Noticed a troll
   683 | D        | Noticed a centaur warrior
   683 | D        | Noticed a troll
   686 | D        | Killed a troll
   686 | D        | Identified the +3 dagger of Pandemonium {flame, Str+3 Dex+3
                  | SInv} (Trog gifted it to you in the Dungeon)
   686 | D        | Received a gift from Trog
   687 | D        | Reached skill level 5 in Stealth
   687 | D        | Reached XP level 9. HP: 64/64 MP: 9/9
   687 | D        | Noticed a deep elf pyromancer
   690 | D        | Killed a centaur warrior
   691 | D        | Reached skill level 12 in Fighting
   691 | D        | Reached skill level 1 in Evocations
   692 | D        | Killed a troll
   692 | D        | Noticed a kobold demonologist
   701 | D        | Killed a kobold demonologist
   704 | D        | Reached skill level 5 in Armour
   706 | D        | Killed a deep elf pyromancer
   706 | D        | Received a gift from Trog
   707 | D        | Reached skill level 10 in Dodging
   707 | D        | Reached XP level 10. HP: 33/72 MP: 10/10
   983 | D        | Noticed a cane toad
   988 | D        | Noticed a komodo dragon
   989 | D        | Reached skill level 15 in Short Blades
   997 | D        | Noticed a cane toad
  1002 | D        | Killed a cane toad
  1003 | D        | Reached skill level 10 in Maces & Flails
  1005 | D        | Killed a komodo dragon
  1006 | D        | Reached skill level 13 in Fighting
  1007 | D        | Killed a cane toad
  1149 | D        | Received a gift from Trog
  1268 | D        | Noticed a black mamba
  1270 | D        | Noticed a seven-headed hydra
  1271 | D        | Killed a black mamba
  1273 | D        | Noticed an elephant
  1280 | D        | Killed a seven-headed hydra
  1281 | D        | Reached XP level 11. HP: 67/79 MP: 11/11
  1284 | D        | Noticed a seven-headed hydra
  1288 | D        | Killed an elephant
  1291 | D        | Reached ****** piety under Trog
  1442 | D        | Killed a seven-headed hydra
  1443 | D        | Reached skill level 14 in Fighting
  1446 | D        | Received a gift from Trog
  2033 | D        | Noticed Josephine
  2045 | D        | Killed Josephine
  2045 | D        | Received a gift from Trog
  2049 | D        | Reached skill level 15 in Fighting
  2132 | D        | Noticed Erica
  2147 | D        | Killed Erica
  2504 | D        | Received a gift from Trog
  2507 | D        | Noticed an orc high priest
  2512 | D        | Noticed a stone giant
  2523 | D        | Killed an orc high priest
  2524 | D        | Reached skill level 1 in Shields
  2533 | D        | Killed a stone giant
  2534 | D        | Reached XP level 12. HP: 44/88 MP: 12/12
  2543 | D        | Received a gift from Trog
  2783 | D        | Received a gift from Trog
  2934 | D        | Reached skill level 16 in Fighting
  2934 | D        | Reached skill level 15 in Maces & Flails
  3165 | D        | Received a gift from Trog
  3282 | D        | Noticed an orc high priest
  3282 | D        | Noticed an orc high priest
  3290 | D        | Killed an orc high priest
  3291 | D        | Noticed an orc high priest
  3305 | D        | Killed an orc high priest
  3314 | D        | Killed an orc high priest
  3450 | D        | Noticed an orc high priest
  3456 | D        | Killed an orc high priest
  3697 | D        | Noticed an orc high priest
  3707 | D        | Killed an orc high priest
  3907 | D        | Found Teulotux's Magic Scroll Emporium.
  3911 | D        | Found Feihudgho's Jewellery Shoppe.
  3913 | D        | Found Muobuq's General Store.
  3915 | D        | Found Vegikoj's Assorted Antiques.
  3917 | D        | Noticed an orc high priest
  3918 | D        | Noticed an orc high priest
  3919 | D        | Noticed an orc high priest
  3920 | D        | Noticed an orc high priest
  3924 | D        | Killed an orc high priest
  3924 | D        | Received a gift from Trog
  3925 | D        | Reached skill level 5 in Shields
  3929 | D        | Killed an orc high priest
  3940 | D        | Killed an orc high priest
  3941 | D        | Reached skill level 17 in Fighting
  3944 | D        | Killed an orc high priest
  3945 | D        | Reached XP level 13. HP: 86/96 MP: 13/13
  3977 | D        | Bought a scroll of acquirement for 572 gold pieces
  3977 | D        | Bought a scroll of identify for 22 gold pieces
  3977 | D        | Bought a scroll of immolation for 38 gold pieces
  3977 | D        | Bought a scroll of immolation for 38 gold pieces
  3977 | D        | Bought a scroll of blinking for 82 gold pieces
  3977 | D        | Bought a scroll of fog for 22 gold pieces
  3977 | D        | Bought a scroll of summoning for 104 gold pieces
  3981 | D        | Bought an amulet of regeneration for 330 gold pieces
  3981 | D        | Bought a scroll of holy word for 82 gold pieces
  3981 | D        | Bought a scroll of enchant weapon for 82 gold pieces
  3981 | D        | Bought a scroll of immolation for 38 gold pieces
  3983 | D        | Bought a potion of heal wounds for 90 gold pieces
  3983 | D        | Bought a scroll of blinking for 135 gold pieces
  3989 | D        | Bought a warped ring mail for 162 gold pieces
  3989 | D        | Identified the +4 ring mail of Servitude {Str+4} (You
                  | bought it in a shop in the Dungeon)
  4099 | D        | Found the +8 demon blade "Leech" {vamp, *Rage +Rage rN+}
  4165 | D        | Acquired a +2 cloak of stealth
  4180 | D        | Noticed a centaur warrior
  4186 | D        | Killed a centaur warrior
  4189 | D        | Noticed a centaur warrior
  4200 | D        | Noticed a rakshasa
  4206 | D        | Killed a centaur warrior
  4206 | D        | Received a gift from Trog
  4217 | D        | Reached skill level 10 in Armour
  4233 | D        | Killed a rakshasa
  4235 | D        | Noticed a great orb of eyes
  4243 | D        | Killed a great orb of eyes
  4348 | D        | Noticed a fire dragon
  4358 | D        | Killed a fire dragon
  4382 | D        | Noticed an ice dragon
  4392 | D        | Killed an ice dragon
  4476 | D        | Noticed a stone giant
  4484 | D        | Killed a stone giant
  4536 | D        | Noticed Saint Roka
  4538 | D        | Received a gift from Trog
  4539 | D        | Reached skill level 18 in Fighting
  4548 | D        | Killed Saint Roka
  4549 | D        | Reached skill level 10 in Shields
  4554 | D        | Identified the +10 dagger of Duikura {flame, Drain rPois
                  | MP-9 Dex+9} (Trog gifted it to you in the Dungeon)
  4554 | D        | Received a gift from Trog
  4672 | D        | Reached XP level 14. HP: 100/104 MP: 14/14
  4702 | D        | Received a gift from Trog
  4866 | D        | Reached skill level 15 in Dodging
  4872 | D        | Reached skill level 19 in Fighting
  4882 | D        | Identified the +6 morningstar "Elierin" {vorpal, Will+
                  | Str+2 Dex-4} (Trog gifted it to you in the Dungeon)
  4882 | D        | Received a gift from Trog
  5044 | D        | Received a gift from Trog
  5094 | D        | Received a gift from Trog
  5363 | D        | Noticed an entropy weaver
  5383 | D        | Killed an entropy weaver
  5383 | D        | Received a gift from Trog
  5383 | D        | Paralysed by a hornet for 3 turns
  5384 | D        | Reached skill level 20 in Fighting
  5553 | D        | Noticed Donald
  5573 | D        | Killed Donald
  5677 | D        | Noticed an emperor scorpion
  5693 | D        | Killed an emperor scorpion
  5693 | D        | Received a gift from Trog
  5744 | D        | Noticed a vampire knight
  5762 | D        | Killed a vampire knight
  5763 | D        | Noticed a stone giant
  5778 | D        | Reached XP level 15. HP: 38/113 MP: 15/15
  5784 | D        | Killed a stone giant
  5784 | D        | Received a gift from Trog
  6019 | D        | Noticed a cyan very ugly thing
  6020 | D        | Noticed a frost giant
  6023 | D        | Noticed an iron dragon
  6030 | D        | Killed a cyan very ugly thing
  6035 | D        | Noticed a cyan very ugly thing
  6036 | D        | Killed a frost giant
  6036 | D        | Received a gift from Trog
  6043 | D        | Killed an iron dragon
  6056 | D        | HP: 3/114 [cyan very ugly thing (20)]
  6057 | D        | Slain by a cyan very ugly thing

Illustrated notes

Levels and vault maps discovered:
D:        linesprint [early_d, line_temple, items_1, d_10, items_2, lair_1,
          lair_end, items_3, orc_1, orc_end, items_4, d_15, swamp_1, shoals_1,
          snake_1, spider_1, d_20, vaults_1, items_5, swamp_end, shoals_end,
          snake_end, spider_end, vaults_end, d_27, items_6, zot_1, zot_end,
          crypt_end, forest_end, elf_end, slime_end, tomb_end, abyss_end,
          pan_hell_end]

Skill      XL: |  1  2  3  4  5  6  7  8  9 10 11 12 13 14 15 |
---------------+----------------------------------------------+-----
Fighting       | 4 5 7 9 11 12 13 15 17 18 20 | 20.8
Short Blades   | 5 6 8 11 13 14 15 | 15.1
Armour         | 2 3 4 5 6 8 9 10 11 | 11.6
Dodging        | 3 4 6 8 10 11 12 14 16 17 | 17.4
Stealth        | 1 2 3 4 5 6 |  6.6
Maces & Flails | 3 5 6 9 12 14 16 17 18 19 | 19.0
Evocations     | 1 3 4 |  4.5
Shields        | 1 5 10 13 14 | 14.2

Action                   |  1- 3 |  4- 6 |  7- 9 | 10-12 | 13-15 || total
-------------------------+-------+-------+-------+-------+-------++-------
Melee: Short sword       |    26 |     4 |       |       |       ||    30
       Morningstar       |       |     7 |    31 |   296 |   365 ||   699
Invok: Berserk           |     2 |     1 |     1 |    10 |    11 ||    25
       Brothers in Arms  |       |       |       |     2 |     5 ||     7
Evoke: Wand              |       |       |     3 |       |     5 ||     8
  Use: Potion            |       |       |       |     1 |     4 ||     5
       Scroll            |       |       |       |       |     2 ||     2
 Stab: Sleeping          |     1 |       |       |     1 |     2 ||     4
       Distracted        |       |       |       |     1 |       ||     1
Armor: Animal skin       |     2 |       |       |       |       ||     2
       Scale mail        |       |     2 |     8 |    62 |       ||    72
       Ring mail         |       |       |       |       |   111 ||   111
Dodge: Dodged            |     9 |     6 |    19 |   132 |   161 ||   327
Block: Kite shield       |       |       |       |    70 |   265 ||   335
       Reflection        |       |       |       |     1 |     6 ||     7

Table legend: (Time is in decaauts)
 A = Elapsed time spent in this place.
 B = Non-inter-level travel time spent in this place.
 C = Inter-level travel time spent in this place.
 D = Time resting spent in this place.
 E = Time spent auto-exploring this place.
 F = Levels seen in this place.
 G = Mean time per level.
                   A        B        C        D        E       F      G
               +--------+--------+--------+--------+--------+-----+--------+
         Total |   6179 |   6179 |      0 |   4006 |    484 |   1 | 6179.0 |
       Dungeon |   6179 |   6179 |      0 |   4006 |    484 |   1 | 6179.0 |
               +--------+--------+--------+--------+--------+-----+--------+

Top non-repeatable levels by time:
       D: 6179 daAuts
